 Dungeon Crawl Stone Soup version 0.31.0-12-g77e489cdc1 (webtiles) character file.

Game seed: 2827619035253749558

7 spaghetti the Caller (level 2, 24/24 HPs)
             Began as an Oni Summoner on Mar 2, 2024.
             Quit the game on level 1 of the Dungeon.
             The game lasted 00:00:30 (113 turns).

spaghetti the Caller (Oni Summoner)                  Turns: 113, Time: 00:00:31

Health: 24/24      AC:  3    Str: 11    XL:     2   Next: 4%
Magic:  2/5        EV:  9    Int: 16    God:
Gold:   0          SH:  0    Dex:  9    Spells: 5/6 levels left

rFire   . . .        (no weapon)
rCold   . . .        (no shield)
rNeg    . . .        a - +0 robe
rPois   .            (helmet restricted)
rElec   .            (no cloak)
rCorr   .            (gloves unavailable)
SInv    .            (boots unavailable)
Will    .....        (no amulet)
Stlth   +            (no ring)
HPRegen 0.24/turn    (no ring)
MPRegen 0.09/turn

%: no passive effects
@: no status effects
A: large, unfitting armour, horns 1, tough skin 1, double potion healing,
drunken brawling
a: no special abilities


You were on level 1 of the Dungeon.
You visited 1 branch of the dungeon, and saw 1 of its levels.

Inventory:

Armour
 a - a +0 robe (worn)
Potions
 b - a potion of magic


   Skills:
 - Level 1.7 Dodging
 - Level 1.4 Stealth
 + Level 2.8 Spellcasting
 + Level 3.8 Summonings


You had 5 spell levels left.
You knew the following spells:

 Your Spells              Type           Power      Damage    Failure   Level
a - Summon Small Mammal   Summ           56%        N/A       4%          1

Your spell library contained the following spells:

 Spells                   Type           Power      Damage    Failure   Level
 Call Imp                 Summ           28%        N/A       6%          2
 Call Canine Familiar     Summ           14%        N/A       12%         3
 Summon Blazeheart Golem  Fire/Summ      8%         N/A       65%         4
 Summon Lightning Spire   Summ/Air       8%         N/A       65%         4


Dungeon Overview and Level Annotations

Branches:
Dungeon (1/15)

Altars:


Innate Abilities, Weirdness & Mutations

You are too large for most types of armour.
You have a pair of small horns on your head.
You have tough skin. (AC +1)
You gain doubled healing and magic from potions.
Whenever you drink a healing potion, you attack all around you.


Message History

Orders for allies: a - Attack new target. r - Retreat! s - Stop attacking. g - Guard the area. f - Follow me.
Anything else - Cancel.
Okay, then.
Your rat bites the rat but does no damage.
You see here a quokka corpse.
The rat closely misses your rat.
Your rat closely misses the rat.
The rat bites your rat.
Your rat dies!
Your rat's corpse disappears in a puff of smoke!
Your quokka closely misses the rat.
The rat barely misses your quokka.
Your quokka bites the rat.
The rat closely misses your quokka.
Your quokka barely misses the rat.
The rat misses your quokka.
Your quokka bites the rat.
The rat dies!
A quokka comes into view.
Your quokka barely misses the quokka.
The quokka bites your quokka but does no damage.
Your quokka bites the quokka.
The quokka barely misses your quokka.
A quokka is nearby!
A quokka is nearby!
Your quokka bites the quokka.
The quokka dies!
A goblin comes into view. It is wielding a +0 dagger.
You have reached level 2!
What are your orders? t - Shout!
Orders for allies: a - Attack new target. r - Retreat! s - Stop attacking. g - Guard the area. f - Follow me.
Anything else - Cancel.
Gang up on whom?
Press: ? - help, Dir - move target, f - goblin
Aim: a goblin, wielding a +0 dagger Attack!
The goblin hits your quokka with a +0 dagger.
Your quokka dies!
Your quokka's corpse disappears in a puff of smoke!
Are you sure you want to abandon this character and quit the game? (Confirm with "yes".)

#.#
#g#######
##§#......
#....#
#..### #..#
#.## #†# #.
#@# . #†# .#
#.# .#
#.#..# #.#.#
##...#
######..###
#.†.....##
###')####..#


You could see a goblin.

Vanquished Creatures
  A goblin (D:1)
  A quokka (D:1)
2 creatures vanquished.

Vanquished Creatures (collateral kills)
  A hobgoblin (D:1)
  2 quokkas (D:1)
  A rat (D:1)
4 creatures vanquished.

Grand Total: 6 creatures vanquished

Notes
Turn   | Place    | Note
-------+----------+-------------------------------------------
     0 | D:1      | spaghetti the Oni Summoner began the quest for the Orb.
     0 | D:1      | Reached XP level 1. HP: 16/16 MP: 3/3
   112 | D:1      | Reached XP level 2. HP: 24/24 MP: 1/5
   113 | D:1      | Quit the game

Illustrated notes

Levels and vault maps discovered:
D:1:      lightli_arrival_windingriver, layout_rooms

Action                     || total
---------------------------++-------
  Melee: Unarmed           ||     7
         Headbutt          ||     1
   Cast: Summon Small Mamm ||     8
   Stab: Distracted        ||     1
 Armour: Robe              ||     8
  Dodge: Dodged            ||     4
